 Dungeon Crawl Stone Soup version 0.29-a0-886-gfb1a3fa8b1 (webtiles) character file.

Game seed: 1900842913265358953

12805 Glafi the Blocker (level 11, -10/90 HPs)
             Began as a Gnoll Fighter on July 21, 2022.
             Was an Elder of Makhleb.
             Mangled by a swamp worm (15 damage)
             ... on level 11 of the Dungeon.
             The game lasted 01:02:12 (15160 turns).

Glafi the Blocker (Gnoll Fighter)                  Turns: 15160, Time: 01:02:13

Health: -10/90     AC: 32    Str: 21    XL:     11   Next: 99%
Magic:  21/21      EV: 24    Int: 10    God:    Makhleb [****..]
Gold:   494        SH:  6    Dex: 14    Spells: 21/24 levels left

rFire   . . .      SeeInvis +   a - +2 quick blade "Gusalir" {vorpal, +Blink Dex+3}
rCold   . . .      Faith    .   c - +0 buckler
rNeg    + . .      Spirit   .   R - +8 plate armour of Bayjiabia {rN+ Will+ Str+3}
rPois   .          Reflect  .   H - +0 helmet
rElec   .          Harm     .   I - +0 cloak {Stlth+}
rCorr   .          Rampage  .   (no gloves)
Will    +....                   u - +2 pair of boots
Stlth   ..........              e - amulet of the acrobat
HPRegen 0.25/turn               y - ring of see invisible
MPRegen 0.17/turn               P - +4 ring of protection

@: acrobatic
A: fangs 1, strong nose, distributed training
a: Renounce Religion, Evoke Blink, Minor Destruction, Lesser Servant of Makhleb,
Major Destruction


You were on level 11 of the Dungeon.
You worshipped Makhleb.
Makhleb was greatly pleased with you.
You visited 2 branches of the dungeon, and saw 12 of its levels.
You also visited: Sewer.

You collected 936 gold pieces.
You spent 442 gold pieces at shops.

Inventory:

Hand Weapons
 a - the +2 quick blade "Gusalir" (weapon) {vorpal, +Blink Dex+3}
   (You acquired it on level 6 of the Dungeon)

   It inflicts extra damage upon your enemies.
   Dex:       It affects your dexterity (+3).
   +Blink:    It lets you blink.
 d - a +0 longbow
 v - a +2 vorpal hammer
 A - a +2 antimagic short sword
Missiles
 g - 2 boomerangs of dispersal
 i - 4 boomerangs
 B - 31 poisoned darts (quivered)
 C - 119 stones
 F - a throwing net
 Q - 3 curare-tipped darts
 S - 2 javelins
Armour
 c - a +0 buckler (worn)
 r - a scarf of shadows
 u - a +2 pair of boots (worn)
 H - a +0 helmet (worn)
 I - a +0 cloak of stealth (worn)
 R - the +8 plate armour of Bayjiabia (worn) {rN+ Will+ Str+3}
   (You acquired it on level 10 of the Dungeon)

   Str:       It affects your strength (+3).
   rN:        It protects you from negative energy.
   Will:      It increases your willpower.
Magical Staves
 J - a staff of air
 L - a staff of poison
Jewellery
 e - an amulet of the acrobat (around neck)
 j - a ring of fire
 p - a ring of fire
 y - a ring of see invisible (left hand)
 K - a ring of positive energy
 P - a +4 ring of protection (right hand)
Wands
 b - a wand of iceblast (12)
 D - a wand of light (3)
Scrolls
 f - 2 scrolls of silence
 h - 5 scrolls of poison
 l - 5 scrolls of identify
 m - 2 scrolls of blinking
 n - 4 scrolls of teleportation
 q - a scroll of magic mapping
 E - a scroll of immolation
 M - a scroll of enchant weapon
Potions
 k - 2 potions of resistance
 o - 7 potions of attraction
 s - 2 potions of cancellation
 t - 6 potions of flight
 w - a potion of curing
 x - a potion of berserk rage
 z - 2 potions of lignification
 G - 3 potions of mutation
 O - 2 potions of ambrosia


   Skills:
 + Level 9.7 Fighting
 + Level 8.5 Short Blades
 + Level 7.0 Long Blades
 + Level 7.0 Axes
 + Level 7.0 Maces & Flails
 + Level 7.0 Polearms
 + Level 7.0 Staves
 + Level 7.0 Ranged Weapons
 + Level 7.0 Throwing
 + Level 9.7 Armour
 + Level 7.0 Dodging
 + Level 7.0 Stealth
 + Level 9.7 Shields
 + Level 7.0 Unarmed Combat
 + Level 7.0 Spellcasting
 + Level 5.8 Conjurations
 + Level 5.8 Hexes
 + Level 5.8 Summonings
 + Level 5.8 Necromancy
 + Level 5.8 Translocations
 + Level 5.8 Transmutations
 + Level 5.8 Fire Magic
 + Level 5.8 Ice Magic
 + Level 5.8 Air Magic
 + Level 5.8 Earth Magic
 + Level 5.8 Poison Magic
 + Level 7.7 Invocations
 + Level 7.0 Evocations


You had 21 spell levels left.
You knew the following spells:

 Your Spells              Type           Power      Damage    Failure   Level
a - Tukima's Dance        Hex            15%        N/A       67%         3

Your spell library contained the following spells:

 Spells                   Type           Power      Damage    Failure   Level
 Frozen Ramparts          Ice            30%        1d5       67%         3
 Ice Form                 Ice/Tmut       15%        N/A       97%         4
 Passage of Golubria      Tloc           15%        N/A       97%         4
 Summon Ice Beast         Ice/Summ       15%        N/A       97%         4
 Summon Forest            Summ/Tloc      7%         N/A       100%        5
 Yara's Violent Unravell  Hex/Tmut       7%         3d5       100%        5
 Eringya's Noxious Bog    Tmut/Pois      7%         N/A       100%        6
 Summon Hydra             Summ           7%         N/A       100%        7


Dungeon Overview and Level Annotations

Branches:
Dungeon (11/15)            Temple (1/1) D:4            Lair (0/5) D:11
    Orc (0/2) D:11          Sewer (visited)

Altars:
Ashenzari
Cheibriados
Dithmenos
Elyvilon
Fedhas
Gozag
Hepliaklqana
Kikubaaqudgha
Makhleb
Nemelex Xobeh
Okawaru
Qazlal
Ru
Sif Muna
Trog
Uskayaw
Vehumet
Wu Jian
Xom
Yredelemnul
Zin
The Shining One

Shops:
D:1 [   D:8 [   D:11 (


Innate Abilities, Weirdness & Mutations

You have very sharp teeth.
Your uncanny sense of smell can sniff out nearby items.
Your experience applies equally to all skills.


Message History

You are yanked forward by the harpoon shot.
The swamp worm closely misses you. The swamp worm barely misses you.
You see here 6 stones.
The swamp worm fires a harpoon shot at you.
The harpoon shot misses you.
The swamp worm fires a harpoon shot at you.
The harpoon shot hits you but does no damage.
A demon appears!
The swamp worm bites you but does no damage.
You swap places.
The swamp worm attacks as you move away!
The swamp worm bites you but does no damage.
The swamp worm fires a harpoon shot at you.
The harpoon shot hits your ynoxinul!
Your ynoxinul barely misses the swamp worm.
The swamp worm fires a harpoon shot at you.
The harpoon shot hits your ynoxinul!
Your ynoxinul closely misses the swamp worm.
The swamp worm fires a harpoon shot at you.
The harpoon shot hits your ynoxinul!
The swamp worm bites your ynoxinul but does no damage.
Your ynoxinul hits the swamp worm. The swamp worm bites your ynoxinul!!
Your ynoxinul dies!
Your ynoxinul disappears in a puff of smoke!
Aiming: Major Destruction (7% risk of failure)
Press: ? - help, Shift-Dir - straight line, f - swamp worm
Aim: a swamp worm (lightly wounded)
The bolt of acid misses the swamp worm.
The swamp worm fires a harpoon shot at you.
The harpoon shot hits you but does no damage.
You see here a +0 flail.
The swamp worm fires a harpoon shot at you.
The harpoon shot hits you.
* * * LOW HITPOINT WARNING * * *
You are yanked forward by the harpoon shot.
You see here a +0 flail.
The swamp worm attacks as you move away!
The swamp worm bites you!
You die...

...#..#≈≈≈≈≈≈≈..# #.#
#.##.####.# .#.#.##≈≈≈≈≈≈≈..#
#.###.##.# #.# ....#
##≈w≈≈≈.#.###.#.#.##.## #.#
.#.#.#
###(##..#.##....)#...###.#
...# #.##.###........###.##.#
.### #...## ##.......# #.....
...# ####w###........###.####
##.# ##.#.##....##........
##.# ##w@.........^###### ##.#
############.######.#
...#####..........#.#####..###
.....).....######.#.>l.......#
####<#####.# #.#######.##.#
####.# #.# #.# #l##.# .....#
#.# #.# #.##.# ###### #l# #.#
#.##.# #.# #.#######.##.#


You could see 2 swamp worms.

Vanquished Creatures
  Harold (D:10)
  3 two-headed ogres
  A centaur warrior (D:11)
  Maurice (D:8)
  An unseen horror (D:11)
  A yaktaur (shapeshifter) (D:11)
  2 komodo dragons
  A hornet (D:8)
  A shadow (D:9)
  Sigmund (D:2)
  5 wyverns
  12 yaks
  A human (D:7)
  A steam dragon (D:8)
  Eustachio (D:5)
  3 vampire mosquitoes (D:11)
  A water moccasin (D:11)
  An acid dragon (D:9)
  2 ice beasts
  5 orc warriors
  3 sky beasts
  2 ogres
  3 centaurs
  A phantom (D:5)
  4 kobold brigands
  5 bullfrogs
  2 gnoll sergeants
  3 scorpions
  9 wights
  8 killer bees
  An electric eel (D:7)
  A howler monkey (D:4)
  2 quasits
  4 hounds
  4 jellies
  7 orc priests
  Crazy Yiuf (D:3)
  An iguana (D:5)
  12 orc wizards
  Robin (D:4)
  9 adders
  12 gnolls
  A river rat (Sewer)
  2 shadow imps
  4 white imps
  3 ufetubi
  6 dart slugs
  4 worms
  53 orcs
  8 ball pythons
  13 endoplasms
  4 giant cockroaches
  17 goblins
  13 hobgoblins
  10 jackals
  3 quokkas
  11 bats
  4 frilled lizards
  A goblin skeleton (D:7)
  16 kobolds
  5 rats
  A butterfly (D:4)
319 creatures vanquished.

Vanquished Creatures (collateral kills)
  A black bear (D:11)
1 creature vanquished.

Vanquished Creatures (others)
  A quasit (D:7)
  3 white imps (D:7)
  An ufetubus (D:7)
  2 demonic plants (D:7)
  32 fungi (D:11)
  38 plants (D:11)
77 creatures vanquished.

Grand Total: 397 creatures vanquished

Notes
Turn   | Place    | Note
-------+----------+-------------------------------------------
     0 | D:1      | Glafi the Gnoll Fighter began the quest for the Orb.
     0 | D:1      | Reached XP level 1. HP: 23/23 MP: 1/1
   192 | D:1      | Reached XP level 2. HP: 29/29 MP: 2/2
   282 | D:1      | Found Archujog's Antique Armour Shop.
   479 | D:1      | Reached XP level 3. HP: 35/35 MP: 3/3
   512 | D:1      | Reached skill level 1 in Invocations
   926 | D:2      | Reached skill level 1 in Long Blades
   926 | D:2      | Reached skill level 1 in Axes
   926 | D:2      | Reached skill level 1 in Maces & Flails
   926 | D:2      | Reached skill level 1 in Polearms
   926 | D:2      | Reached skill level 1 in Staves
   926 | D:2      | Reached skill level 1 in Ranged Weapons
   926 | D:2      | Reached skill level 1 in Throwing
   926 | D:2      | Reached skill level 1 in Dodging
   926 | D:2      | Reached skill level 1 in Stealth
   926 | D:2      | Reached skill level 1 in Unarmed Combat
   926 | D:2      | Reached skill level 1 in Spellcasting
   926 | D:2      | Reached skill level 1 in Evocations
  1036 | D:2      | Reached XP level 4. HP: 34/41 MP: 5/5
  1217 | D:2      | Noticed Sigmund
  1246 | D:2      | Killed Sigmund
  1247 | D:2      | Reached skill level 1 in Conjurations
  1247 | D:2      | Reached skill level 1 in Hexes
  1247 | D:2      | Reached skill level 1 in Summonings
  1247 | D:2      | Reached skill level 1 in Necromancy
  1247 | D:2      | Reached skill level 1 in Translocations
  1247 | D:2      | Reached skill level 1 in Transmutations
  1247 | D:2      | Reached skill level 1 in Fire Magic
  1247 | D:2      | Reached skill level 1 in Ice Magic
  1247 | D:2      | Reached skill level 1 in Air Magic
  1247 | D:2      | Reached skill level 1 in Earth Magic
  1247 | D:2      | Reached skill level 1 in Poison Magic
  1247 | D:2      | Reached XP level 5. HP: 11/47 MP: 5/7
  1510 | D:2      | Reached XP level 6. HP: 49/53 MP: 8/8
  1979 | D:3      | Reached skill level 5 in Short Blades
  1979 | D:3      | Found a shadowy altar of Dithmenos.
  2170 | D:3      | Found a runed translucent door.
  2171 | D:3      | Noticed Crazy Yiuf
  2179 | D:3      | Killed Crazy Yiuf
  3033 | D:4      | Found a glowing drain.
  3042 | Sewer    | Entered a sewer
  3148 | Sewer    | Reached XP level 7. HP: 20/60 MP: 10/10
  3371 | Sewer    | Found a white marble altar of Elyvilon.
  3569 | D:4      | Noticed Robin
  3586 | D:4      | Killed Robin
  3967 | D:4      | Reached XP level 8. HP: 66/67 MP: 12/12
  4104 | D:4      | Found a staircase to the Ecumenical Temple.
  4114 | Temple   | Entered the Ecumenical Temple
  4371 | Temple   | Became a worshipper of Makhleb the Destroyer
  4438 | D:4      | Found an iron altar of Okawaru.
  4601 | D:4      | Found a stormy altar of Qazlal.
  4705 | D:5      | Entered Level 5 of the Dungeon
  5286 | D:5      | Learned a level 3 spell: Tukima's Dance
  5553 | D:5      | Found an ancient bone altar of Kikubaaqudgha.
  5815 | D:5      | Noticed Eustachio
  5838 | D:5      | Killed Eustachio
  6315 | D:6      | Reached XP level 9. HP: 72/73 MP: 14/14
  6374 | D:6      | Reached * piety under Makhleb
  6970 | D:6      | Reached skill level 5 in Invocations
  7326 | D:1      | Bought a pair of embroidered boots for 195 gold pieces
  7482 | D:6      | Identified a scroll of acquirement
  7482 | D:6      | Acquired the +2 quick blade "Gusalir" {vorpal, +Blink
                  | Dex+3}
  8297 | D:6      | Reached ** piety under Makhleb
  8673 | D:7      | Reached skill level 5 in Long Blades
  8673 | D:7      | Reached skill level 5 in Axes
  8673 | D:7      | Reached skill level 5 in Maces & Flails
  8673 | D:7      | Reached skill level 5 in Polearms
  8673 | D:7      | Reached skill level 5 in Staves
  8673 | D:7      | Reached skill level 5 in Ranged Weapons
  8673 | D:7      | Reached skill level 5 in Throwing
  8673 | D:7      | Reached skill level 5 in Dodging
  8673 | D:7      | Reached skill level 5 in Stealth
  8673 | D:7      | Reached skill level 5 in Unarmed Combat
  8673 | D:7      | Reached skill level 5 in Spellcasting
  8673 | D:7      | Reached skill level 5 in Evocations
  8710 | D:7      | Found a glowing golden altar of the Shining One.
  8845 | D:7      | Reached XP level 10. HP: 81/81 MP: 17/17
  8904 | D:7      | Found a runed translucent door.
  8910 | D:7      | Found a basalt altar of Yredelemnul.
 10467 | D:8      | Reached *** piety under Makhleb
 10478 | D:8      | Found Yfyiqeiwk's Antique Armour Emporium.
 10483 | D:8      | Bought a shimmering chain mail for 247 gold pieces
 10483 | D:8      | Identified the +1 chain mail of Entitlement {rF+ rC- Dex+7
                  | Stlth-} (You bought it in a shop on level 8 of the Dungeon)
 10583 | D:8      | Found an opulent altar of Gozag.
 10590 | D:8      | Noticed Maurice
 10611 | D:8      | Killed Maurice
 11399 | D:9      | Paralysed by a hornet for 1 turns
 12156 | D:9      | Reached skill level 5 in Conjurations
 12156 | D:9      | Reached skill level 5 in Hexes
 12156 | D:9      | Reached skill level 5 in Summonings
 12156 | D:9      | Reached skill level 5 in Necromancy
 12156 | D:9      | Reached skill level 5 in Translocations
 12156 | D:9      | Reached skill level 5 in Transmutations
 12156 | D:9      | Reached skill level 5 in Fire Magic
 12156 | D:9      | Reached skill level 5 in Ice Magic
 12156 | D:9      | Reached skill level 5 in Air Magic
 12156 | D:9      | Reached skill level 5 in Earth Magic
 12156 | D:9      | Reached skill level 5 in Poison Magic
 12246 | D:9      | Reached XP level 11. HP: 56/88 MP: 20/20
 12660 | D:10     | Entered Level 10 of the Dungeon
 12666 | D:10     | Noticed a two-headed ogre
 12731 | D:10     | Killed a two-headed ogre
 13151 | D:10     | Noticed Harold
 13199 | D:10     | Killed Harold
 13575 | D:10     | Acquired the +8 plate armour of Bayjiabia {rN+ Will+ Str+3}
 13615 | D:11     | Noticed a two-headed ogre
 13647 | D:11     | Killed a two-headed ogre
 14520 | D:11     | Noticed a centaur warrior
 14549 | D:11     | Noticed a two-headed ogre
 14596 | D:11     | Killed a two-headed ogre
 14608 | D:11     | Killed a centaur warrior
 14632 | D:11     | Reached **** piety under Makhleb
 14641 | D:11     | Found a staircase to the Orcish Mines.
 14641 | D:11     | Found Jybene's Weapon Boutique.
 15015 | D:11     | Found a staircase to the Lair.
 15160 | D:11     | Mangled by a swamp worm

Illustrated notes

Levels and vault maps discovered:
D:1:      heliophobic_arrival_henge, layout_basic, serial_shops,
          nicolae_shop_behind_doors, minmay_misc_feat_pillars
D:2:      layout_basic, chequers_serial_rivers_large_a, uniq_sigmund
D:3:      layout_loops_ring, nicolae_dithmenos_the_darkroom,
          uniq_crazy_yiuf_cottage
D:4:      layout_loops_ring, grunt_qazlal_clouds, okawaru_altar_gauntlet_db,
          minmay_temple_entry_butterflies, cheibrodos_sewer_entry_sluice,
          uniq_robin
D:5:      layout_layer_cave, kiku_gazebo_pond_becter,
          hangedman_decor_diamond_cutter, uniq_eustachio
D:6:      nicolae_cairo_tiling_large_dashed, layout_loops_cross
D:7:      layout_cave_pools, dk_yredelemnul_ordeal,
          mainiacjoe_overflow_boulevard, serial_demonic, serial_demonic_f,
          serial_demonic_a, serial_demonic_b, serial_demonic_f, serial_demonic_f
D:8:      layout_rooms, lemuel_doored_altar, serial_shops,
          nicolae_stop_n_shop_1, uniq_maurice
D:9:      layout_basic
D:10:     layout_rooms, chequers_serial_rivers_small_3, uniq_harold
D:11:     layout_loops_ring, due_lair_maze_entry_diamond, orc_david_3,
          serial_shops, nicolae_shop_hallway_plus, nicolae_lakefront_shop,
          worms_lemuel
Temple:   regret_index_temple_generic_petals

Skill      XL: |  1  2  3  4  5  6  7  8  9 10 11 |
---------------+----------------------------------+-----
Invocations    | 1 2 3 4 5 6 7 |  7.7
Long Blades    | 1 2 3 5 6 7 |  7.0
Axes           | 1 2 3 5 6 7 |  7.0
Maces & Flails | 1 2 3 5 6 7 |  7.0
Polearms       | 1 2 3 5 6 7 |  7.0
Staves         | 1 2 3 5 6 7 |  7.0
Ranged Weapons | 1 2 3 5 6 7 |  7.0
Throwing       | 1 2 3 5 6 7 |  7.0
Dodging        | 1 2 3 5 6 7 |  7.0
Stealth        | 1 2 3 5 6 7 |  7.0
Unarmed Combat | 1 2 3 5 6 7 |  7.0
Spellcasting   | 1 2 3 5 6 7 |  7.0
Evocations     | 1 2 3 5 6 7 |  7.0
Conjurations   | 1 2 3 4 5 |  5.8
Hexes          | 1 2 3 4 5 |  5.8
Summonings     | 1 2 3 4 5 |  5.8
Necromancy     | 1 2 3 4 5 |  5.8
Translocations | 1 2 3 4 5 |  5.8
Transmutations | 1 2 3 4 5 |  5.8
Fire Magic     | 1 2 3 4 5 |  5.8
Ice Magic      | 1 2 3 4 5 |  5.8
Air Magic      | 1 2 3 4 5 |  5.8
Earth Magic    | 1 2 3 4 5 |  5.8
Poison Magic   | 1 2 3 4 5 |  5.8
Short Blades   | 5 6 7 8 |  8.5
Fighting       | 7 8 9 |  9.7
Armour         | 7 8 9 |  9.7
Shields        | 7 8 9 |  9.7

Action                   |  1- 3 |  4- 6 |  7- 9 | 10-12 || total
-------------------------+-------+-------+-------+-------++-------
Melee: Rapier            |   115 |   118 |       |       ||   233
       Bite              |     9 |    19 |    56 |   213 ||   297
       Mace              |       |    82 |   325 |       ||   407
       Quick blade       |       |       |   233 |  1317 ||  1550
Throw: Dart              |       |       |       |    35 ||    35
       Throwing net      |       |       |       |     3 ||     3
       Javelin           |       |       |       |     2 ||     2
       Boomerang         |       |       |       |     1 ||     1
Invok: Lesser Servant of |       |       |       |     2 ||     2
       Major Destruction |       |       |       |     1 ||     1
 Abil: Evoke Blink       |       |       |     2 |     2 ||     4
Evoke: Wand              |       |       |     7 |     2 ||     9
  Use: Potion            |       |     1 |       |     7 ||     8
       Scroll            |       |       |    15 |     6 ||    21
Armor: Plate armour      |    39 |   135 |   451 |   234 ||   859
       Scale mail        |     7 |       |       |       ||     7
       Chain mail        |       |       |       |    90 ||    90
Dodge: Dodged            |    45 |    84 |   213 |   301 ||   643
Block: Buckler           |    27 |    43 |   177 |   223 ||   470

Table legend: (Time is in decaauts)
 A = Elapsed time spent in this place.
 B = Non-inter-level travel time spent in this place.
 C = Inter-level travel time spent in this place.
 D = Time resting spent in this place.
 E = Time spent auto-exploring this place.
 F = Levels seen in this place.
 G = Mean time per level.
                   A        B        C        D        E       F      G
               +--------+--------+--------+--------+--------+-----+--------+
         Total |  14331 |  13883 |    448 |   4293 |   6926 |  13 | 1102.4 |
       Dungeon |  13646 |  13214 |    432 |   4108 |   6603 |  11 | 1240.5 |
        Temple |    274 |    258 |     16 |      0 |    188 |   1 |  274.0 |
         Sewer |    410 |    410 |      0 |    185 |    135 |   1 |  410.0 |
               +--------+--------+--------+--------+--------+-----+--------+

Top non-repeatable levels by time:
     D:6: 2025 daAuts
     D:7: 1654 daAuts
     D:5: 1478 daAuts
    D:10: 1245 daAuts
     D:4: 1196 daAuts
     D:3: 1136 daAuts
     D:2: 1062 daAuts
     D:9: 1022 daAuts
     D:8: 1014 daAuts
     D:1: 944 daAuts
    D:11: 865 daAuts
   Sewer: 410 daAuts
  Temple: 274 daAuts
